 Dungeon Crawl Stone Soup version 0.21.1-1-g345015f (webtiles) character file.

80 Mesmaeker13 the Grave Robber (level 3, -2/26 HPs)
             Began as a Demigod Necromancer on Mar 27, 2018.
             Slain by a gnoll (9 damage)
             ... on level 3 of the Dungeon on Mar 28, 2018.
             The game lasted 00:05:04 (1876 turns).

Mesmaeker13 the Grave Robber (Demigod Necromancer)  Turns: 1876, Time: 00:05:05

Health: -2/26      AC:  2    Str: 11    XL:     3   Next: 98%
Magic:  2/8        EV: 13    Int: 21    God:
Gold:   100        SH:  0    Dex: 16    Spells: 3/5 levels left

rFire    . . .     SeeInvis .   d - +0 spear
rCold    . . .     Gourm    .   (no shield)
rNeg     . . .     Faith    .   a - +0 robe
rPois    .         Spirit   .   (no helmet)
rElec    .         Reflect  .   (no cloak)
rCorr    .         Harm     .   (no gloves)
MR       .....                  (no boots)
Stlth    ++........             (no amulet)
HPRegen  0.08/turn              (no ring)
MPRegen  0.11/turn              (no ring)

@: very slightly contaminated
A: high mp 1
a: no special abilities


You were on level 3 of the Dungeon.
You were not hungry.

You visited 1 branch of the dungeon, and saw 3 of its levels.

You collected 100 gold pieces.

Inventory:

Hand Weapons
 d - a +0 spear (weapon)
Missiles
 q - a throwing net (quivered)
Armour
 a - a +0 robe (worn)
 g - a +2 shield
 p - a +0 ring mail
Scrolls
 j - 2 scrolls of remove curse
 k - a scroll of amnesia
 n - 2 scrolls of noise {unknown}
 o - 2 scrolls of teleportation {unknown}
Potions
 e - a potion of magic {unknown}
 f - 2 potions of cancellation
 h - a potion of mutation {unknown}
 i - 2 potions of curing {unknown}
 r - a potion of heal wounds {unknown}
Books
 b - a book of Necromancy

   Spells                             Type                      Level
   a - Pain                           Necromancy                   1
   b - Animate Skeleton               Necromancy                   1
   c - Vampiric Draining              Necromancy                   3
   d - Regeneration                   Charms/Necromancy            3
   e - Animate Dead                   Necromancy                   4
   f - Borgnjor's Vile Clutch         Necromancy/Earth             5
Comestibles
 c - 8 rations
 l - a chunk of flesh


   Skills:
 + Level 3.0 Dodging
 - Level 1.7 Stealth
 + Level 0.3 Shields
 - Level 1.7 Spellcasting
 + Level 4.4 Necromancy


You had 3 spell levels left.
You knew the following spells:

 Your Spells              Type           Power        Failure   Level  Hunger
a - Pain                  Necr           ###.         2%          1    #......
b - Animate Skeleton      Necr           N/A          2%          1    #......


Dungeon Overview and Level Annotations

Branches:
Dungeon (3/15)

Annotations:
D:2 Sigmund


Innate Abilities, Weirdness & Mutations

You have an increased reservoir of magic. (+10% MP)


Message History

The gnoll writhes in agony!
The gnoll hits you.
Casting: Pain
Confirm with . or Enter, or press ? or * to list all spells.
Aiming: Pain
Press: ? - help, Shift-Dir - straight line, f/p - gnoll
Aim: a gnoll (moderately wounded, chance to defeat MR: 85%)
The gnoll writhes in agony!
The gnoll completely misses you.
Casting: Pain
Confirm with . or Enter, or press ? or * to list all spells.
Aiming: Pain
Press: ? - help, Shift-Dir - straight line, f/p - gnoll
Aim: a gnoll (moderately wounded, chance to defeat MR: 85%)
The gnoll writhes in agony!
The gnoll hits you.
Casting: Pain
Confirm with . or Enter, or press ? or * to list all spells.
Aiming: Pain
Press: ? - help, Shift-Dir - straight line, f/p - gnoll
Aim: a gnoll (almost dead, chance to defeat MR: 85%)
The gnoll writhes in agony!
The gnoll hits you!
You die...

########### #.........#
#.#######.### #.##........#
#.......#.#.# ##
#.##.##.###.### ..###
########.##.####@###.##......
#.............#.#g#.#.....g..
#.######....##.###.####!#.###
#รท....### ### .. #.......#
## ###...### ######.##
#.####....).# #.....<...#.#


You could see a gnoll.

Vanquished Creatures
  4 adders (D:2)
  A dart slug (D:2)
  2 leopard geckos
  An orc (D:3)
  2 giant cockroaches
  6 goblins
  7 hobgoblins
  2 jackals (D:2)
  6 kobolds
  A quokka (D:2)
  A ball python (D:2)
  3 bats (D:1)
  3 frilled lizards
39 creatures vanquished.

Vanquished Creatures (others)
  A jackal (D:2)
  A frilled lizard (D:2)
  7 toadstools (D:1)
9 creatures vanquished.

Grand Total: 48 creatures vanquished

Notes
Turn   | Place    | Note
-------+----------+-------------------------------------------
     0 | D:1      | Mesmaeker13 the Demigod Necromancer began the quest for the Orb.
     0 | D:1      | Reached XP level 1. HP: 14/14 MP: 5/5
   584 | D:1      | Reached XP level 2. HP: 19/20 MP: 4/7
   945 | D:2      | Reached skill level 4 in Necromancy
   957 | D:2      | Learned a level 1 spell: Animate Skeleton
   960 | D:2      | Found a stormy altar of Qazlal.
   965 | D:2      | Noticed Sigmund
  1287 | D:2      | Reached XP level 3. HP: 23/26 MP: 6/8
  1847 | D:3      | Found a faded altar of an unknown god.
  1876 | D:3      | Slain by a gnoll

Skill      XL: |  1  2  3 |
---------------+----------+-----
Dodging        | 2 3 |  3.0
Necromancy     | 4 |  4.4
Stealth        | |  1.7
Shields        | |  0.3
Spellcasting   | |  1.7

Action                   || total
-------------------------++-------
Melee: Unarmed           ||     2
       Spear             ||    11
 Cast: Pain              ||    72
  Use: Scroll            ||     4
 Stab: Sleeping          ||     1
  Eat: Chunk             ||     4
Armor: Robe              ||     1
Dodge: Dodged            ||    22
